Connexion

Penguins vs Barracuda

Created - 21 novembre 2023 at 06:08

Goals
1 2 3 T
Penguins 2 1 1 4
Barracuda 1 0 1 2
Shots
1 2 3 T
Penguins 13 13 10 36
Barracuda 14 8 22 44

GoalsPenalties
1st period
1. Penguins , Jason Dickinson 18 (Joseph Blandisi 27, Steven Fogarty 23) at 0:24
2. Penguins , Marian Studenic 16 (Mikhail Maltsev 17, Andreas Englund 21) at 16:10
3. Barracuda , Brent Gates 15 (Brendan Warren 24, Andy Welinski 30) at 19:51
Andy Welinski (SAN) for Hooking (Minor) at 0:41
Adam Cracknell (SAN) for Cross-checking (Minor) at 4:46
Kevin Bahl (WBS) for Holding (Minor) at 4:46
2nd period
4. Penguins , Gerald Mayhew 14 (Andreas Englund 22, Karson Kuhlman 26) at 16:26
Scott Harrington (SAN) for High sticking (Minor) at 1:00
Brent Gates (SAN) for Hooking (Minor) at 4:15
Trent Frederic (SAN) for Hooking (Minor) at 19:21
3rd period
5. Penguins , Karson Kuhlman 15 (Kevin Bahl 15, Rhett Gardner 13) at 0:56 (PP)
6. Barracuda , Andrei Altybarmakyan 7 (Alex Dostie 11, Graham Knott 8) at 1:22
Marek Langhamer (WBS) for Slashing (Minor) at 7:07 - Kevin Bahl served the penalty.
Trent Frederic (SAN) for Roughing (Minor) at 14:13
Ken Appleby (SAN) for Slashing (Minor) at 14:59 - Robert Bortuzzo served the penalty.
Goalie Stats
Marek Langhamer (WBS), 42 saves from 44 shots - (0,955), W, 17-16-3, 60:00 minutes
Ken Appleby (SAN), 32 saves from 36 shots - (0,889), L, 24-11-5, 60:00 minutes
3 StarsOfficial
1 - Marek Langhamer (WBS)
2 - Andreas Englund (WBS)
3 - Jason Dickinson (WBS)
Referees : Marc Joannette and Bill McCreary
Linesman : Mark Pare and Greg Devorski
Game Note
Joseph Blandisi is injured at 2:25 of 2nd period (Groin)
Finance
Level 1 -- Attendance: 1795 (89,75%) -- Ticket Income 62 825 $
Level 2 -- Attendance: 1000 (100,00%) -- Ticket Income 15 000 $
Total Attendance: 2795 (93,17%)
Total Ticket Income: 77 825 $
Other Income: 15 565 $
Total Income: 93 390 $



Team Name Goals Shots Shots Attemp Shots Blocked PIM HIT PP PK FO%
Penguins 43676114301 / 6 (17%)055%
Barracuda 24477814230 / 1 (0%)145%

Penguins
Player Name POS G A P +/- PIM HIT SHT SB MP PP MP PP SHT PK MP PK SHT FO% FOT
Alan QuineC/LW/RW000-100014:520:0000:000100% 1
Andreas EnglundD0223023123:215:5711:1500% 0
Andrew NielsenD000-1001315:400:0000:4400% 0
Christophe LalancetteC0000000010:373:3400:0000% 0
Dylan GambrellC/RW000-101004:520:0000:00060% 5
Dylan McIlrathD000-1040015:410:0000:0000% 0
Gerald MayhewC/RW1010004018:524:2110:000100% 1
Jason DickinsonC/LW1010071123:525:5601:12057% 37
Joseph BlandisiC/LW011102207:291:4300:00050% 2
Karson KuhlmanC/RW1120026020:194:2120:47058% 26
Keaton MiddletonD0003031123:215:5711:1500% 0
Kevin BahlD011-1222120:134:2020:0000% 0
Liam O'BrienC/LW0001041014:130:0000:00047% 15
Marian StudenicRW1011003014:520:3900:0000% 0
Mikhail MaltsevLW0111003015:000:0000:47050% 4
Rhett GardnerC/LW0110022118:524:2120:0000% 2
Steven FogartyC/RW0111006022:125:5631:12050% 2
Steven SantiniD000-1011221:434:2010:4400% 0
Barracuda
Player Name POS G A P +/- PIM HIT SHT SB MP PP MP PP SHT PK MP PK SHT FO% FOT
Adam Cracknell C/LW/RW000-2204124:310:4907:16044% 39
Albin GreweLW000000001:230:0000:00033% 3
Alex DostieC/LW0111002013:180:0000:11050% 14
Alexis D'AoustC/RW0000003017:211:1000:0000% 0
Andrei AltybarmakyanRW1011013013:070:0000:0000% 1
Andy WelinskiD0110210022:431:1004:5400% 0
Bode WildeD0000010114:120:0002:3200% 0
Brendan WarrenC/LW0110011020:121:1012:15048% 27
Brent GatesC/LW1010225019:291:1001:3300% 2
Fredrik OlofssonC/LW000-100002:530:0000:0000% 0
Graham KnottC/LW0111021013:150:0000:080100% 1
Jordy BelleriveC000-100016:270:0003:34060% 5
Julius BergmanD0000010011:400:0000:0000% 0
Matthew PhillipsC/RW000-1008014:230:4900:0000% 1
Nicolas MelocheD000-1053025:070:4924:5400% 0
Robert BortuzzoD000-1021423:410:4903:2800% 0
Scott HarringtonD0000223122:351:1014:4600% 0
Trent FredericC/LW000-14510020:080:4924:24050% 2



Play-by-Play

1st period


0:01 of 1st period - Jason Dickinson wins face-off versus Adam Cracknell in neutral zone.
0:16 of 1st period - Shot by Joseph Blandisi.
0:16 of 1st period - Deflect By Steven Fogarty.
0:16 of 1st period - Stopped by Ken Appleby with a rebound.
0:20 of 1st period - Shot by Joseph Blandisi.
0:20 of 1st period - Shot Misses the Net.
0:24 of 1st period - Shot by Jason Dickinson.
0:24 of 1st period - Goal by Jason Dickinson - Penguins : 1 - Barracuda : 0.
0:25 of 1st period - Karson Kuhlman wins face-off versus Brendan Warren in neutral zone.
0:41 of 1st period - Minor Penalty to Andy Welinski for Hooking.
0:42 of 1st period - Adam Cracknell wins face-off versus Jason Dickinson in Barracuda zone.
0:42 of 1st period - Adam Cracknell is hit by Jason Dickinson.
1:36 of 1st period - Icing by Steven Santini.
1:37 of 1st period - Karson Kuhlman wins face-off versus Adam Cracknell in Penguins zone.
1:41 of 1st period - Off-side.
1:42 of 1st period - Karson Kuhlman wins face-off versus Brent Gates in neutral zone.
1:42 of 1st period - Karson Kuhlman is hit by Brent Gates.
1:46 of 1st period - Robert Bortuzzo is hit by Rhett Gardner and loses puck.
1:55 of 1st period - Shot by Steven Santini.
1:55 of 1st period - Shot Blocked by Robert Bortuzzo.
2:05 of 1st period - Shot by Gerald Mayhew.
2:05 of 1st period - Shot Misses the Net.
2:07 of 1st period - Shot by Rhett Gardner.
2:07 of 1st period - Stopped by Ken Appleby with a rebound.
2:09 of 1st period - Shot by Karson Kuhlman.
2:09 of 1st period - Shot Misses the Net.
2:35 of 1st period - Shot by Keaton Middleton.
2:35 of 1st period - Stopped by Ken Appleby without a rebound.
2:36 of 1st period - Jason Dickinson wins face-off versus Adam Cracknell in Barracuda zone.
2:55 of 1st period - Shot by Andrew Nielsen.
2:55 of 1st period - Stopped by Ken Appleby without a rebound.
2:56 of 1st period - Adam Cracknell wins face-off versus Dylan Gambrell in Barracuda zone.
3:19 of 1st period - Shot by Trent Frederic.
3:19 of 1st period - Stopped by Marek Langhamer without a rebound.
3:20 of 1st period - Brendan Warren wins face-off versus Rhett Gardner in Penguins zone.
3:39 of 1st period - Shot by Brent Gates.
3:39 of 1st period - Stopped by Marek Langhamer without a rebound.
3:40 of 1st period - Jason Dickinson wins face-off versus Adam Cracknell in Penguins zone.
3:50 of 1st period - Off-side.
3:51 of 1st period - Karson Kuhlman wins face-off versus Brendan Warren in neutral zone.
4:00 of 1st period - Shot by Rhett Gardner.
4:00 of 1st period - Shot Hit the Post.
4:13 of 1st period - Shot by Nicolas Meloche.
4:13 of 1st period - Shot Blocked by Rhett Gardner.
4:23 of 1st period - Shot by Brent Gates.
4:23 of 1st period - Shot Misses the Net.
4:30 of 1st period - Brendan Warren is hit by Steven Santini and loses puck.
4:46 of 1st period - Minor Penalty to Adam Cracknell for Cross-checking.
4:46 of 1st period - Minor Penalty to Kevin Bahl for Holding.
4:47 of 1st period - Albin Grewe wins face-off versus Jason Dickinson in Penguins zone.
4:54 of 1st period - Andy Welinski is hit by Jason Dickinson and loses puck.
5:05 of 1st period - Shot by Steven Fogarty.
5:05 of 1st period - Stopped by Ken Appleby without a rebound.
5:06 of 1st period - Jason Dickinson wins face-off versus Albin Grewe in Barracuda zone.
5:21 of 1st period - Shot by Jason Dickinson.
5:21 of 1st period - Shot Hit the Post.
6:03 of 1st period - Icing by Brendan Warren.
6:04 of 1st period - Brendan Warren wins face-off versus Joseph Blandisi in Barracuda zone.
6:11 of 1st period - Shot by Scott Harrington.
6:11 of 1st period - Stopped by Marek Langhamer without a rebound.
6:12 of 1st period - Joseph Blandisi wins face-off versus Albin Grewe in Penguins zone.
6:22 of 1st period - Nicolas Meloche is hit by Joseph Blandisi and loses puck.
6:40 of 1st period - Shot by Nicolas Meloche.
6:40 of 1st period - Stopped by Marek Langhamer without a rebound.
6:41 of 1st period - Jason Dickinson wins face-off versus Brendan Warren in Penguins zone.
7:21 of 1st period - Bode Wilde is hit by Dylan McIlrath and loses puck.
7:46 of 1st period - Shot by Brendan Warren.
7:46 of 1st period - Shot Misses the Net.
7:48 of 1st period - Shot by Scott Harrington.
7:48 of 1st period - Stopped by Marek Langhamer without a rebound.
7:49 of 1st period - Adam Cracknell wins face-off versus Jason Dickinson in Penguins zone.
7:49 of 1st period - Trent Frederic is hit by Andreas Englund.
7:51 of 1st period - Shot by Matthew Phillips.
7:51 of 1st period - Stopped by Marek Langhamer with a rebound.
7:58 of 1st period - Matthew Phillips is hit by Keaton Middleton and loses puck.
8:03 of 1st period - Shot by Adam Cracknell .
8:03 of 1st period - Stopped by Marek Langhamer without a rebound.
8:04 of 1st period - Brendan Warren wins face-off versus Karson Kuhlman in Penguins zone.
8:28 of 1st period - Shot by Gerald Mayhew.
8:28 of 1st period - Shot Misses the Net.
8:30 of 1st period - Shot by Karson Kuhlman.
8:30 of 1st period - Stopped by Ken Appleby without a rebound.
8:31 of 1st period - Jason Dickinson wins face-off versus Adam Cracknell in Barracuda zone.
8:41 of 1st period - Shot by Matthew Phillips.
8:41 of 1st period - Stopped by Marek Langhamer with a rebound.
8:45 of 1st period - Shot by Trent Frederic.
8:45 of 1st period - Stopped by Marek Langhamer without a rebound.
8:46 of 1st period - Dylan Gambrell wins face-off versus Andrei Altybarmakyan in Penguins zone.
9:07 of 1st period - Icing by Alex Dostie.
9:08 of 1st period - Karson Kuhlman wins face-off versus Alex Dostie in Barracuda zone.
9:38 of 1st period - Icing by Rhett Gardner.
9:39 of 1st period - Karson Kuhlman wins face-off versus Adam Cracknell in Penguins zone.
10:15 of 1st period - Shot by Joseph Blandisi.
10:15 of 1st period - Stopped by Ken Appleby without a rebound.
10:16 of 1st period - Brendan Warren wins face-off versus Liam O'Brien in Barracuda zone.
10:16 of 1st period - Brendan Warren is hit by Liam O'Brien.
10:21 of 1st period - Scott Harrington is hit by Kevin Bahl and loses puck.
10:36 of 1st period - Shot by Marian Studenic.
10:36 of 1st period - Shot Misses the Net.
11:20 of 1st period - Off-side.
11:21 of 1st period - Adam Cracknell wins face-off versus Karson Kuhlman in neutral zone.
11:44 of 1st period - Rhett Gardner is hit by Nicolas Meloche and loses puck.
11:53 of 1st period - Shot by Trent Frederic.
11:53 of 1st period - Stopped by Marek Langhamer without a rebound.
11:54 of 1st period - Jason Dickinson wins face-off versus Alex Dostie in Penguins zone.
12:03 of 1st period - Shot by Andrei Altybarmakyan.
12:03 of 1st period - Shot Blocked by Jason Dickinson.
13:55 of 1st period - Shot by Karson Kuhlman.
13:55 of 1st period - Stopped by Ken Appleby without a rebound.
13:56 of 1st period - Brendan Warren wins face-off versus Liam O'Brien in Barracuda zone.
14:45 of 1st period - Alex Dostie is hit by Liam O'Brien and loses puck.
15:02 of 1st period - Shot by Karson Kuhlman.
15:02 of 1st period - Stopped by Ken Appleby with a rebound.
15:04 of 1st period - Shot by Rhett Gardner.
15:04 of 1st period - Shot Misses the Net.
15:06 of 1st period - Shot by Karson Kuhlman.
15:06 of 1st period - Deflect By Rhett Gardner.
15:06 of 1st period - Shot Misses the Net.
15:16 of 1st period - Rhett Gardner is hit by Graham Knott and loses puck.
15:39 of 1st period - Dylan Gambrell is hit by Trent Frederic and loses puck.
16:00 of 1st period - Shot by Trent Frederic.
16:00 of 1st period - Stopped by Marek Langhamer without a rebound.
16:01 of 1st period - Liam O'Brien wins face-off versus Brendan Warren in Penguins zone.
16:10 of 1st period - Shot by Marian Studenic.
16:10 of 1st period - Goal by Marian Studenic - Penguins : 2 - Barracuda : 0.
16:11 of 1st period - Brendan Warren wins face-off versus Karson Kuhlman in neutral zone.
16:36 of 1st period - Shot by Brent Gates.
16:36 of 1st period - Stopped by Marek Langhamer without a rebound.
16:37 of 1st period - Adam Cracknell wins face-off versus Liam O'Brien in Penguins zone.
17:10 of 1st period - Shot by Mikhail Maltsev.
17:10 of 1st period - Stopped by Ken Appleby without a rebound.
17:11 of 1st period - Jason Dickinson wins face-off versus Alex Dostie in Barracuda zone.
18:23 of 1st period - Shot by Alexis D'Aoust.
18:23 of 1st period - Shot Misses the Net.
18:25 of 1st period - Shot by Brent Gates.
18:25 of 1st period - Shot Misses the Net.
18:33 of 1st period - Shot by Alexis D'Aoust.
18:33 of 1st period - Shot Misses the Net.
18:35 of 1st period - Shot by Alexis D'Aoust.
18:35 of 1st period - Stopped by Marek Langhamer without a rebound.
18:36 of 1st period - Liam O'Brien wins face-off versus Adam Cracknell in Penguins zone.
19:37 of 1st period - Shot by Gerald Mayhew.
19:37 of 1st period - Stopped by Ken Appleby without a rebound.
19:38 of 1st period - Brendan Warren wins face-off versus Dylan Gambrell in Barracuda zone.
19:38 of 1st period - Andy Welinski is hit by Dylan Gambrell and loses puck.
19:51 of 1st period - Shot by Brent Gates.
19:51 of 1st period - Goal by Brent Gates - Penguins : 2 - Barracuda : 1.
19:52 of 1st period - Graham Knott wins face-off versus Karson Kuhlman in neutral zone.
Goals for this period are 2 for Penguins vs 1 for Barracuda.
Shots for this period are 13 for Penguins vs 14 for Barracuda.

2nd period


0:01 of 2nd period - Adam Cracknell wins face-off versus Jason Dickinson in neutral zone.
0:20 of 2nd period - Shot by Joseph Blandisi.
0:20 of 2nd period - Deflect By Steven Fogarty.
0:20 of 2nd period - Stopped by Ken Appleby with a rebound.
0:23 of 2nd period - Steven Fogarty is hit by Nicolas Meloche.
0:37 of 2nd period - Shot by Joseph Blandisi.
0:37 of 2nd period - Stopped by Ken Appleby without a rebound.
0:38 of 2nd period - Karson Kuhlman wins face-off versus Brendan Warren in Barracuda zone.
0:43 of 2nd period - Shot by Gerald Mayhew.
0:43 of 2nd period - Stopped by Ken Appleby without a rebound.
0:44 of 2nd period - Brendan Warren wins face-off versus Karson Kuhlman in Barracuda zone.
0:44 of 2nd period - Brendan Warren is hit by Rhett Gardner.
0:49 of 2nd period - Icing by Brent Gates.
0:50 of 2nd period - Karson Kuhlman wins face-off versus Brendan Warren in Barracuda zone.
0:53 of 2nd period - Shot by Rhett Gardner.
0:53 of 2nd period - Shot Misses the Net.
1:00 of 2nd period - Minor Penalty to Scott Harrington for High sticking.
1:01 of 2nd period - Trent Frederic wins face-off versus Jason Dickinson in Barracuda zone.
1:01 of 2nd period - Trent Frederic is hit by Joseph Blandisi.
1:17 of 2nd period - Shot by Andreas Englund.
1:17 of 2nd period - Stopped by Ken Appleby without a rebound.
1:18 of 2nd period - Adam Cracknell wins face-off versus Rhett Gardner in Barracuda zone.
1:47 of 2nd period - Shot by Steven Santini.
1:47 of 2nd period - Shot Misses the Net.
1:49 of 2nd period - Shot by Karson Kuhlman.
1:49 of 2nd period - Deflect By Rhett Gardner.
1:49 of 2nd period - Shot Hit the Post.
1:55 of 2nd period - Shot by Karson Kuhlman.
1:55 of 2nd period - Shot Blocked by Bode Wilde.
2:24 of 2nd period - Joseph Blandisi is hit by Nicolas Meloche and loses puck.
2:25 of 2nd period - Joseph Blandisi from Penguins is injured at 2:25 of 2nd period (Groin).
2:26 of 2nd period - Jordy Bellerive wins face-off versus Jason Dickinson in Barracuda zone.
2:56 of 2nd period - Andreas Englund is hit by Nicolas Meloche and loses puck.
3:15 of 2nd period - Shot by Mikhail Maltsev.
3:15 of 2nd period - Shot Misses the Net.
3:17 of 2nd period - Shot by Liam O'Brien.
3:17 of 2nd period - Stopped by Ken Appleby with a rebound.
3:21 of 2nd period - Shot by Mikhail Maltsev.
3:21 of 2nd period - Shot Misses the Net.
3:23 of 2nd period - Shot by Marian Studenic.
3:23 of 2nd period - Stopped by Ken Appleby with a rebound.
4:15 of 2nd period - Minor Penalty to Brent Gates for Hooking.
4:16 of 2nd period - Jason Dickinson wins face-off versus Adam Cracknell in Barracuda zone.
4:17 of 2nd period - Shot by Keaton Middleton.
4:17 of 2nd period - Shot Misses the Net.
4:19 of 2nd period - Shot by Keaton Middleton.
4:19 of 2nd period - Shot Misses the Net.
4:21 of 2nd period - Shot by Steven Fogarty.
4:21 of 2nd period - Stopped by Ken Appleby without a rebound.
4:22 of 2nd period - Adam Cracknell wins face-off versus Steven Fogarty in Barracuda zone.
4:37 of 2nd period - Shot by Keaton Middleton.
4:37 of 2nd period - Shot Misses the Net.
5:31 of 2nd period - Shot by Rhett Gardner.
5:31 of 2nd period - Shot Misses the Net.
5:33 of 2nd period - Shot by Gerald Mayhew.
5:33 of 2nd period - Shot Blocked by Jordy Bellerive.
5:35 of 2nd period - Shot by Karson Kuhlman.
5:35 of 2nd period - Stopped by Ken Appleby without a rebound.
5:36 of 2nd period - Adam Cracknell wins face-off versus Jason Dickinson in Barracuda zone.
5:36 of 2nd period - Adam Cracknell is hit by Jason Dickinson.
5:45 of 2nd period - Icing by Steven Fogarty.
5:46 of 2nd period - Adam Cracknell wins face-off versus Jason Dickinson in Penguins zone.
5:46 of 2nd period - Trent Frederic is hit by Andreas Englund.
6:26 of 2nd period - Shot by Alex Dostie.
6:26 of 2nd period - Shot Blocked by Kevin Bahl.
6:32 of 2nd period - Bode Wilde is hit by Karson Kuhlman and loses puck.
6:41 of 2nd period - Shot by Karson Kuhlman.
6:41 of 2nd period - Stopped by Ken Appleby without a rebound.
6:42 of 2nd period - Liam O'Brien wins face-off versus Brendan Warren in Barracuda zone.
6:42 of 2nd period - Mikhail Maltsev is hit by Robert Bortuzzo and loses puck.
7:32 of 2nd period - Shot by Matthew Phillips.
7:32 of 2nd period - Shot Blocked by Andrew Nielsen.
7:49 of 2nd period - Shot by Trent Frederic.
7:49 of 2nd period - Shot Misses the Net.
7:51 of 2nd period - Shot by Matthew Phillips.
7:51 of 2nd period - Shot Blocked by Andrew Nielsen.
7:53 of 2nd period - Shot by Matthew Phillips.
7:53 of 2nd period - Stopped by Marek Langhamer without a rebound.
7:54 of 2nd period - Alex Dostie wins face-off versus Jason Dickinson in Penguins zone.
7:59 of 2nd period - Shot by Andrei Altybarmakyan.
7:59 of 2nd period - Shot Misses the Net.
8:04 of 2nd period - Icing by Andreas Englund.
8:05 of 2nd period - Jordy Bellerive wins face-off versus Jason Dickinson in Penguins zone.
8:48 of 2nd period - Icing by Andy Welinski.
8:49 of 2nd period - Karson Kuhlman wins face-off versus Jordy Bellerive in Barracuda zone.
9:54 of 2nd period - Shot by Alex Dostie.
9:54 of 2nd period - Shot Blocked by Alan Quine.
9:56 of 2nd period - Shot by Julius Bergman.
9:56 of 2nd period - Shot Blocked by Andrew Nielsen.
9:58 of 2nd period - Shot by Graham Knott.
9:58 of 2nd period - Shot Misses the Net.
10:00 of 2nd period - Shot by Alex Dostie.
10:00 of 2nd period - Deflect By Andrei Altybarmakyan.
10:00 of 2nd period - Stopped by Marek Langhamer without a rebound.
10:01 of 2nd period - Liam O'Brien wins face-off versus Adam Cracknell in Penguins zone.
10:01 of 2nd period - Liam O'Brien is hit by Trent Frederic.
10:19 of 2nd period - Shot by Mikhail Maltsev.
10:19 of 2nd period - Shot Misses the Net.
10:23 of 2nd period - Shot by Andreas Englund.
10:23 of 2nd period - Stopped by Ken Appleby without a rebound.
10:24 of 2nd period - Alex Dostie wins face-off versus Jason Dickinson in Barracuda zone.
10:29 of 2nd period - Shot by Graham Knott.
10:29 of 2nd period - Shot Misses the Net.
10:41 of 2nd period - Shot by Andrei Altybarmakyan.
10:41 of 2nd period - Stopped by Marek Langhamer with a rebound.
10:49 of 2nd period - Shot by Andrei Altybarmakyan.
10:49 of 2nd period - Shot Misses the Net.
11:24 of 2nd period - Trent Frederic is hit by Kevin Bahl and loses puck.
11:35 of 2nd period - Shot by Trent Frederic.
11:35 of 2nd period - Stopped by Marek Langhamer without a rebound.
11:36 of 2nd period - Karson Kuhlman wins face-off versus Brent Gates in Penguins zone.
11:38 of 2nd period - Andreas Englund is hit by Brent Gates and loses puck.
11:55 of 2nd period - Shot by Brent Gates.
11:55 of 2nd period - Stopped by Marek Langhamer with a rebound.
11:59 of 2nd period - Shot by Brendan Warren.
11:59 of 2nd period - Deflect By Alexis D'Aoust.
11:59 of 2nd period - Stopped by Marek Langhamer without a rebound.
12:00 of 2nd period - Adam Cracknell wins face-off versus Liam O'Brien in Penguins zone.
12:29 of 2nd period - Shot by Matthew Phillips.
12:29 of 2nd period - Shot Misses the Net.
15:12 of 2nd period - Icing by Andrew Nielsen.
15:13 of 2nd period - Alan Quine wins face-off versus Matthew Phillips in Penguins zone.
15:43 of 2nd period - Trent Frederic is hit by Dylan McIlrath and loses puck.
15:47 of 2nd period - Icing by Andrew Nielsen.
15:48 of 2nd period - Dylan Gambrell wins face-off versus Jordy Bellerive in Penguins zone.
16:26 of 2nd period - Shot by Gerald Mayhew.
16:26 of 2nd period - Goal by Gerald Mayhew - Penguins : 3 - Barracuda : 1.
16:27 of 2nd period - Alex Dostie wins face-off versus Liam O'Brien in neutral zone.
17:02 of 2nd period - Shot by Mikhail Maltsev.
17:02 of 2nd period - Stopped by Ken Appleby with a rebound.
17:04 of 2nd period - Shot by Mikhail Maltsev.
17:04 of 2nd period - Shot Misses the Net.
17:11 of 2nd period - Off-side.
17:12 of 2nd period - Karson Kuhlman wins face-off versus Brendan Warren in neutral zone.
17:27 of 2nd period - Shot by Brendan Warren.
17:27 of 2nd period - Shot Misses the Net.
18:21 of 2nd period - Shot by Matthew Phillips.
18:21 of 2nd period - Stopped by Marek Langhamer with a rebound.
18:23 of 2nd period - Shot by Matthew Phillips.
18:23 of 2nd period - Stopped by Marek Langhamer without a rebound.
18:24 of 2nd period - Alex Dostie wins face-off versus Liam O'Brien in Penguins zone.
19:21 of 2nd period - Minor Penalty to Trent Frederic for Hooking.
19:22 of 2nd period - Karson Kuhlman wins face-off versus Adam Cracknell in Barracuda zone.
19:22 of 2nd period - Karson Kuhlman is hit by Scott Harrington.
19:50 of 2nd period - Shot by Rhett Gardner.
19:50 of 2nd period - Stopped by Ken Appleby without a rebound.
19:51 of 2nd period - Jason Dickinson wins face-off versus Adam Cracknell in Barracuda zone.
19:51 of 2nd period - Andreas Englund is hit by Robert Bortuzzo and loses puck.
Goals for this period are 1 for Penguins vs 0 for Barracuda.
Shots for this period are 13 for Penguins vs 8 for Barracuda.

3rd period


0:01 of 3rd period - Adam Cracknell wins face-off versus Jason Dickinson in neutral zone.
0:16 of 3rd period - Shot by Steven Fogarty.
0:16 of 3rd period - Stopped by Ken Appleby with a rebound.
0:18 of 3rd period - Shot by Steven Fogarty.
0:18 of 3rd period - Shot Misses the Net.
0:26 of 3rd period - Shot by Jason Dickinson.
0:26 of 3rd period - Shot Misses the Net.
0:28 of 3rd period - Shot by Andreas Englund.
0:28 of 3rd period - Shot Blocked by Scott Harrington.
0:30 of 3rd period - Shot by Jason Dickinson.
0:30 of 3rd period - Shot Misses the Net.
0:32 of 3rd period - Shot by Andreas Englund.
0:32 of 3rd period - Shot Misses the Net.
0:36 of 3rd period - Shot by Jason Dickinson.
0:36 of 3rd period - Shot Misses the Net.
0:38 of 3rd period - Shot by Andreas Englund.
0:38 of 3rd period - Shot Misses the Net.
0:54 of 3rd period - Shot by Kevin Bahl.
0:54 of 3rd period - Shot Misses the Net.
0:56 of 3rd period - Shot by Karson Kuhlman.
0:56 of 3rd period - Goal by Karson Kuhlman - Penguins : 4 - Barracuda : 1.
0:57 of 3rd period - Liam O'Brien wins face-off versus Brendan Warren in neutral zone.
1:00 of 3rd period - Shot by Marian Studenic.
1:00 of 3rd period - Shot Blocked by Robert Bortuzzo.
1:02 of 3rd period - Shot by Liam O'Brien.
1:02 of 3rd period - Shot Misses the Net.
1:04 of 3rd period - Shot by Liam O'Brien.
1:04 of 3rd period - Shot Blocked by Robert Bortuzzo.
1:06 of 3rd period - Shot by Mikhail Maltsev.
1:06 of 3rd period - Shot Blocked by Robert Bortuzzo.
1:08 of 3rd period - Shot by Marian Studenic.
1:08 of 3rd period - Stopped by Ken Appleby without a rebound.
1:09 of 3rd period - Alex Dostie wins face-off versus Karson Kuhlman in Barracuda zone.
1:20 of 3rd period - Shot by Alex Dostie.
1:20 of 3rd period - Stopped by Marek Langhamer with a rebound.
1:22 of 3rd period - Shot by Andrei Altybarmakyan.
1:22 of 3rd period - Goal by Andrei Altybarmakyan - Penguins : 4 - Barracuda : 2.
1:23 of 3rd period - Jason Dickinson wins face-off versus Adam Cracknell in neutral zone.
1:36 of 3rd period - Shot by Steven Fogarty.
1:36 of 3rd period - Shot Misses the Net.
1:38 of 3rd period - Shot by Andreas Englund.
1:38 of 3rd period - Stopped by Ken Appleby without a rebound.
1:39 of 3rd period - Gerald Mayhew wins face-off versus Brendan Warren in Barracuda zone.
1:39 of 3rd period - Gerald Mayhew is hit by Andy Welinski.
2:32 of 3rd period - Shot by Matthew Phillips.
2:32 of 3rd period - Stopped by Marek Langhamer with a rebound.
2:34 of 3rd period - Shot by Trent Frederic.
2:34 of 3rd period - Stopped by Marek Langhamer without a rebound.
2:35 of 3rd period - Adam Cracknell wins face-off versus Jason Dickinson in Penguins zone.
2:40 of 3rd period - Shot by Trent Frederic.
2:40 of 3rd period - Stopped by Marek Langhamer without a rebound.
2:41 of 3rd period - Adam Cracknell wins face-off versus Jason Dickinson in Penguins zone.
2:45 of 3rd period - Icing by Steven Fogarty.
2:46 of 3rd period - Jason Dickinson wins face-off versus Trent Frederic in Penguins zone.
2:58 of 3rd period - Shot by Adam Cracknell .
2:58 of 3rd period - Stopped by Marek Langhamer without a rebound.
2:59 of 3rd period - Brendan Warren wins face-off versus Liam O'Brien in Penguins zone.
2:59 of 3rd period - Brent Gates is hit by Dylan McIlrath and loses puck.
3:27 of 3rd period - Andy Welinski is hit by Liam O'Brien and loses puck.
3:33 of 3rd period - Mikhail Maltsev is hit by Scott Harrington.
4:10 of 3rd period - Trent Frederic is hit by Keaton Middleton and loses puck.
4:23 of 3rd period - Shot by Matthew Phillips.
4:23 of 3rd period - Shot Misses the Net.
4:25 of 3rd period - Shot by Trent Frederic.
4:25 of 3rd period - Stopped by Marek Langhamer with a rebound.
4:27 of 3rd period - Shot by Matthew Phillips.
4:27 of 3rd period - Stopped by Marek Langhamer without a rebound.
4:28 of 3rd period - Alex Dostie wins face-off versus Karson Kuhlman in Penguins zone.
4:29 of 3rd period - Shot by Andrei Altybarmakyan.
4:29 of 3rd period - Shot Blocked by Steven Santini.
4:31 of 3rd period - Shot by Andrei Altybarmakyan.
4:31 of 3rd period - Shot Misses the Net.
4:33 of 3rd period - Shot by Graham Knott.
4:33 of 3rd period - Shot Misses the Net.
4:35 of 3rd period - Shot by Julius Bergman.
4:35 of 3rd period - Shot Misses the Net.
4:37 of 3rd period - Shot by Graham Knott.
4:37 of 3rd period - Stopped by Marek Langhamer without a rebound.
4:38 of 3rd period - Karson Kuhlman wins face-off versus Alex Dostie in Penguins zone.
4:40 of 3rd period - Steven Santini is hit by Graham Knott and loses puck.
4:58 of 3rd period - Steven Santini is hit by Andrei Altybarmakyan.
5:13 of 3rd period - Icing by Graham Knott.
5:14 of 3rd period - Jason Dickinson wins face-off versus Alex Dostie in Barracuda zone.
5:14 of 3rd period - Jason Dickinson is hit by Bode Wilde.
5:28 of 3rd period - Bode Wilde is hit by Jason Dickinson and loses puck.
5:36 of 3rd period - Jason Dickinson is hit by Julius Bergman and loses puck.
5:44 of 3rd period - Andrei Altybarmakyan is hit by Keaton Middleton.
6:01 of 3rd period - Matthew Phillips is hit by Jason Dickinson and loses puck.
6:36 of 3rd period - Off-side.
6:37 of 3rd period - Brendan Warren wins face-off versus Karson Kuhlman in neutral zone.
6:42 of 3rd period - Shot by Brent Gates.
6:42 of 3rd period - Stopped by Marek Langhamer without a rebound.
6:43 of 3rd period - Brendan Warren wins face-off versus Karson Kuhlman in Penguins zone.
6:51 of 3rd period - Icing by Steven Santini.
6:52 of 3rd period - Karson Kuhlman wins face-off versus Brendan Warren in Penguins zone.
6:52 of 3rd period - Karson Kuhlman is hit by Brendan Warren.
7:03 of 3rd period - Shot by Brent Gates.
7:03 of 3rd period - Shot Misses the Net.
7:05 of 3rd period - Shot by Andy Welinski.
7:05 of 3rd period - Shot Blocked by Steven Santini.
7:07 of 3rd period - Shot by Alexis D'Aoust.
7:07 of 3rd period - Stopped by Marek Langhamer without a rebound.
7:07 of 3rd period - Minor Penalty to Marek Langhamer for Slashing.
7:08 of 3rd period - Jason Dickinson wins face-off versus Adam Cracknell in Penguins zone.
7:08 of 3rd period - Jason Dickinson is hit by Trent Frederic.
7:26 of 3rd period - Shot by Trent Frederic.
7:26 of 3rd period - Stopped by Marek Langhamer without a rebound.
7:27 of 3rd period - Steven Fogarty wins face-off versus Brendan Warren in Penguins zone.
7:59 of 3rd period - Shot by Brendan Warren.
7:59 of 3rd period - Stopped by Marek Langhamer without a rebound.
8:00 of 3rd period - Mikhail Maltsev wins face-off versus Adam Cracknell in Penguins zone.
8:00 of 3rd period - Karson Kuhlman is hit by Trent Frederic and loses puck.
8:09 of 3rd period - Shot by Nicolas Meloche.
8:09 of 3rd period - Stopped by Marek Langhamer without a rebound.
8:10 of 3rd period - Jason Dickinson wins face-off versus Adam Cracknell in Penguins zone.
8:10 of 3rd period - Jason Dickinson is hit by Trent Frederic.
8:27 of 3rd period - Shot by Trent Frederic.
8:27 of 3rd period - Stopped by Marek Langhamer with a rebound.
8:29 of 3rd period - Shot by Nicolas Meloche.
8:29 of 3rd period - Stopped by Marek Langhamer without a rebound.
8:30 of 3rd period - Brendan Warren wins face-off versus Mikhail Maltsev in Penguins zone.
8:37 of 3rd period - Shot by Scott Harrington.
8:37 of 3rd period - Shot Blocked by Andreas Englund.
8:39 of 3rd period - Shot by Scott Harrington.
8:39 of 3rd period - Stopped by Marek Langhamer with a rebound.
8:41 of 3rd period - Shot by Andy Welinski.
8:41 of 3rd period - Shot Blocked by Keaton Middleton.
8:43 of 3rd period - Shot by Alexis D'Aoust.
8:43 of 3rd period - Shot Misses the Net.
9:07 of 3rd period - Shot by Andy Welinski.
9:07 of 3rd period - Shot Misses the Net.
9:45 of 3rd period - Shot by Matthew Phillips.
9:45 of 3rd period - Stopped by Marek Langhamer without a rebound.
9:46 of 3rd period - Liam O'Brien wins face-off versus Alex Dostie in Penguins zone.
9:59 of 3rd period - Shot by Mikhail Maltsev.
9:59 of 3rd period - Stopped by Ken Appleby with a rebound.
10:48 of 3rd period - Icing by Scott Harrington.
10:49 of 3rd period - Jason Dickinson wins face-off versus Brendan Warren in Barracuda zone.
12:06 of 3rd period - Shot by Adam Cracknell .
12:06 of 3rd period - Stopped by Marek Langhamer with a rebound.
12:08 of 3rd period - Shot by Robert Bortuzzo.
12:08 of 3rd period - Shot Misses the Net.
12:46 of 3rd period - Shot by Alex Dostie.
12:46 of 3rd period - Stopped by Marek Langhamer without a rebound.
12:47 of 3rd period - Jordy Bellerive wins face-off versus Liam O'Brien in Penguins zone.
12:50 of 3rd period - Shot by Andy Welinski.
12:50 of 3rd period - Shot Misses the Net.
12:56 of 3rd period - Shot by Adam Cracknell .
12:56 of 3rd period - Stopped by Marek Langhamer without a rebound.
12:57 of 3rd period - Dylan Gambrell wins face-off versus Alex Dostie in Penguins zone.
13:02 of 3rd period - Graham Knott is hit by Dylan McIlrath and loses puck.
13:12 of 3rd period - Off-side.
13:13 of 3rd period - Liam O'Brien wins face-off versus Brendan Warren in neutral zone.
13:49 of 3rd period - Marian Studenic is hit by Nicolas Meloche and loses puck.
14:13 of 3rd period - Minor Penalty to Trent Frederic for Roughing.
14:14 of 3rd period - Jason Dickinson wins face-off versus Adam Cracknell in Barracuda zone.
14:27 of 3rd period - Shot by Steven Santini.
14:27 of 3rd period - Stopped by Ken Appleby with a rebound.
14:29 of 3rd period - Shot by Kevin Bahl.
14:29 of 3rd period - Stopped by Ken Appleby without a rebound.
14:30 of 3rd period - Karson Kuhlman wins face-off versus Adam Cracknell in Barracuda zone.
14:39 of 3rd period - Shot by Gerald Mayhew.
14:39 of 3rd period - Stopped by Ken Appleby without a rebound.
14:40 of 3rd period - Jason Dickinson wins face-off versus Adam Cracknell in Barracuda zone.
14:59 of 3rd period - Shot by Kevin Bahl.
14:59 of 3rd period - Stopped by Ken Appleby without a rebound.
14:59 of 3rd period - Minor Penalty to Ken Appleby for Slashing.
15:00 of 3rd period - Adam Cracknell wins face-off versus Karson Kuhlman in Barracuda zone.
15:00 of 3rd period - Adam Cracknell is hit by Karson Kuhlman.
15:10 of 3rd period - Shot by Keaton Middleton.
15:10 of 3rd period - Shot Misses the Net.
15:47 of 3rd period - Icing by Andreas Englund.
15:48 of 3rd period - Adam Cracknell wins face-off versus Karson Kuhlman in Penguins zone.
16:28 of 3rd period - Shot by Steven Fogarty.
16:28 of 3rd period - Stopped by Ken Appleby without a rebound.
16:29 of 3rd period - Adam Cracknell wins face-off versus Jason Dickinson in Barracuda zone.
16:29 of 3rd period - Adam Cracknell is hit by Jason Dickinson.
16:36 of 3rd period - Icing by Steven Fogarty.
16:37 of 3rd period - Jason Dickinson wins face-off versus Adam Cracknell in Penguins zone.
16:39 of 3rd period - Icing by Steven Santini.
16:40 of 3rd period - Jason Dickinson wins face-off versus Adam Cracknell in Penguins zone.
16:44 of 3rd period - Icing by Steven Fogarty.
16:45 of 3rd period - Jason Dickinson wins face-off versus Adam Cracknell in Penguins zone.
16:52 of 3rd period - Shot by Kevin Bahl.
16:52 of 3rd period - Shot Misses the Net.
16:54 of 3rd period - Shot by Christophe Lalancette.
16:54 of 3rd period - Shot Misses the Net.
16:58 of 3rd period - Shot by Steven Fogarty.
16:58 of 3rd period - Shot Blocked by Adam Cracknell .
17:06 of 3rd period - Shot by Brendan Warren.
17:06 of 3rd period - Shot Misses the Net.
17:08 of 3rd period - Shot by Robert Bortuzzo.
17:08 of 3rd period - Stopped by Marek Langhamer without a rebound.
17:09 of 3rd period - Alex Dostie wins face-off versus Jason Dickinson in Penguins zone.
17:33 of 3rd period - Alex Dostie is hit by Jason Dickinson.
18:38 of 3rd period - Icing by Robert Bortuzzo.
18:39 of 3rd period - Mikhail Maltsev wins face-off versus Adam Cracknell in Barracuda zone.
18:55 of 3rd period - Robert Bortuzzo is hit by Liam O'Brien and loses puck.
19:09 of 3rd period - Icing by Andrew Nielsen.
19:10 of 3rd period - Brendan Warren wins face-off versus Mikhail Maltsev in Penguins zone.
Goals for this period are 1 for Penguins vs 1 for Barracuda.
Shots for this period are 10 for Penguins vs 22 for Barracuda.